Map: Ancient Cistern LE

Players

llMMCll

  • Race: Terran Terran
  • League: Diamond
  • Spawn Location: 7:00

JDLOO - Winner!

  • Race: Zerg Zerg
  • League: Diamond
  • Spawn Location: 1:00

VOD

Have the link to the VOD?

Description

Time

  • Played on: Aug. 17, 2023, 5:30 p.m.
  • Length: 18:00
Show
View Real Time Build Order
Export as new Build Order

llMMCll Terran 

Build Orders: Reaper Expand, Hellion Banshee 

Get SALT Encoding   

  12  0:00  SCV  
  13  0:12  SCV  
  14  0:17  Supply Depot  
  14  0:24  SCV  
  15  0:39  SCV  
  15  0:41  Barracks  
  16  0:44  Refinery  
  16  0:51  SCV  
  17  1:03  SCV  
  18  1:15  SCV  
  19  1:27  Orbital Command  
  19  1:28  Reaper  
  20  1:43  Command Center  
  20  1:52  Bunker  
  20  1:59  SCV  
  20  2:00  Marine  
  22  2:12  SCV  
  23  2:15  Supply Depot  
  23  2:21  Marine  
  22  2:40  Marine  
  22  2:43  SCV  
  23  2:46  Factory  
  23  2:53  Refinery  
  23  2:57  SCV  
  24  3:07  Barracks Reactor  
  24  3:09  SCV  
  26  3:13  Orbital Command  
  25  3:23  SCV  
  26  3:33  Starport  
  26  3:35  SCV  
  26  3:39  SCV  
  28  3:47  SCV  
  29  3:51  SCV  
  29  3:52  Hellion  
  29  3:53  Barracks Tech Lab, Hellion  
  34  3:59  SCV  
  35  4:03  SCV  
  35  4:07  Supply Depot  
  35  4:13  SCV  
  35  4:14  Hellion x2  
  40  4:18  SCV  
  40  4:26  SCV  
  40  4:31  SCV, Banshee  
  42  4:32  Cloaking Field  
  42  4:37  Hellion x2  
  49  4:38  SCV  
  49  4:45  Supply Depot  
  50  4:48  SCV  
  50  4:51  SCV  
  52  4:53  Command Center  
  52  5:00  SCV  
  52  5:03  SCV  
  52  5:06  Hellion x2  
  58  5:10  Barracks Tech Lab  
  58  5:14  SCV  
  58  5:17  Barracks, Supply Depot  
  58  5:18  Barracks  
  58  5:19  Banshee  
  62  5:26  SCV  
  61  5:30  SCV  
  61  5:34  Refinery  
  62  5:37  Refinery  
  62  5:39  SCV, Hellion x2  
  67  5:46  Supply Depot  
  67  5:48  SCV  
  67  5:49  Engineering Bay  
  68  5:50  Engineering Bay  
  68  5:56  SCV  
  69  6:04  SCV  
  70  6:06  Barracks  
  70  6:07  Barracks  
  70  6:11  SCV  
  70  6:15  Orbital Command  
  70  6:16  Stimpack, Marine  
  72  6:22  Barracks Tech Lab, SCV  
  72  6:23  Terran Infantry Weapons Level 1  
  72  6:24  Terran Infantry Armor Level 1  
  73  6:27  SCV  
  73  6:30  Starport Reactor  
  74  6:33  Siege Tank  
  74  6:34  Marine  
  74  6:35  Marine x2  
  74  6:38  SCV  
  81  6:44  Combat Shield  
  81  6:46  SCV  
  82  6:51  Supply Depot  
  82  6:53  SCV, Marine  
  84  6:59  Barracks Reactor x2  
  84  7:03  SCV  
  84  7:05  Siege Tank, Marine x3  
  84  7:06  SCV  
  84  7:07  SCV  
  93  7:12  Marine  
  87  7:22  Marine  
  87  7:26  SCV  
  87  7:27  Marine x2  
  87  7:28  Missile Turret  
  71  7:30  Missile Turret, Marine  
  71  7:31  SCV  
  71  7:32  SCV  
  68  7:38  SCV  
  68  7:39  Missile Turret  
  68  7:40  Marine  
  68  7:41  Marine x3  
  68  7:44  Marine  
  68  7:45  Marine  
  68  7:48  Marine  
  68  7:49  SCV  
  68  7:51  SCV, Marine  
  68  7:54  SCV  
  68  7:58  Marine  
  69  7:59  Marine x2  
  69  8:01  SCV  
  69  8:02  Marine x2  
  69  8:03  SCV  
  69  8:04  Factory Reactor  
  76  8:09  Marine  
  76  8:10  Marine  
  78  8:14  Medivac  
  80  8:21  Orbital Command  
  80  8:23  Marine x3  
  80  8:26  Missile Turret  
  83  8:27  SCV x2  
  84  8:35  Medivac, Marine  
  84  8:39  SCV x2  
  89  8:41  Widow Mine  
  89  8:46  Armory  
  89  8:47  SCV  
  92  8:51  SCV  
  92  8:53  Medivac  
  92  8:55  Widow Mine, Marine  
  98  8:56  Marine  
  98  8:59  Concussive Shells  
  98  9:00  SCV x2  
  101  9:15  Missile Turret  
  101  9:23  SCV x2  
  101  9:24  SCV, Marine  
  101  9:26  Widow Mine x2, Marauder  
  85  9:33  Marine  
  85  9:34  Marauder, Marine x4  
  85  9:35  SCV x2  
  85  9:36  SCV  
  90  9:41  Marine  
  90  9:47  Widow Mine x2, Marauder  
  90  9:48  SCV  
  96  9:52  Marine  
  96  9:55  Marine  
  96  9:56  SCV, Marine x3  
  96  9:57  SCV  
  96  9:58  Medivac  
  96  9:59  Medivac  
  101  10:06  SCV  
  99  10:08  Marine  
  99  10:09  SCV, Marauder  
  99  10:10  Command Center, SCV, Marine x2  
  99  10:13  Widow Mine, Marine  
  101  10:18  Marine  
  100  10:23  Terran Infantry Armor Level 2, Terran Infantry Weapons Level 2  
  100  10:24  Widow Mine, SCV  
  100  10:25  Marine  
  100  10:28  SCV x2  
  101  10:32  Refinery  
  101  10:44  SCV  
  101  10:45  Marauder x2, Supply Depot  
  101  10:48  Refinery  
  101  10:49  Marine x3  
  109  10:51  Barracks  
  109  10:52  Barracks  
  109  10:54  Barracks  
  109  11:06  Marine x2  
  109  11:07  Widow Mine x2, SCV x2  
  117  11:21  Medivac x2, SCV, Marine x6  
  117  11:24  Factory, Marine x2  
  117  11:25  Missile Turret, Supply Depot  
  130  11:27  SCV, Supply Depot  
  130  11:28  SCV  
  130  11:29  SCV  
  111  11:33  SCV  
  111  11:39  SCV, Marine x5  
  118  11:40  SCV  
  118  11:43  Marine x2  
  121  11:49  Marine  
  121  11:50  Widow Mine x2  
  126  11:57  Orbital Command, Marauder x2, Marine x3  
  126  11:58  SCV  
  126  12:01  Marine  
  134  12:07  Marine  
  134  12:08  Marine  
  137  12:10  Medivac x2  
  137  12:14  Marine  
  142  12:19  Marauder  
  142  12:20  Marine x2  
  142  12:21  Marauder, Marine  
  133  12:25  Marine x2  
  123  12:34  Widow Mine  
  123  12:35  Marine  
  123  12:36  Widow Mine  
  122  12:37  SCV x2, Marine  
  122  12:38  Marine  
  122  12:39  SCV, Marine  
  122  12:41  Marine  
  122  12:43  Marauder, Marine  
  132  12:45  Marine  
  131  12:52  SCV  
  131  12:53  SCV, Marine  
  131  12:54  Orbital Command  
  131  12:55  Widow Mine, Marine  
  131  12:56  SCV  
  137  12:59  Marauder, Marine  
  137  13:02  Factory Tech Lab  
  137  13:04  SCV, Marauder, Marine  
  137  13:05  SCV  
  145  13:11  Marine x3  
  125  13:13  Marine  
  125  13:15  Widow Mine  
  125  13:16  Marine  
  122  13:20  Marauder  
  122  13:23  Barracks Tech Lab x2  
  122  13:25  Marauder  
  122  13:26  SCV x2  
  122  13:27  SCV x2  
  129  13:31  Marine  
  129  13:32  Refinery  
  129  13:34  Marine x2  
  132  13:35  Marine  
  134  13:43  Marauder, Marine x3  
  134  13:44  Marine  
  134  13:46  Marine  
  141  13:49  Marine  
  141  13:50  SCV  
  141  13:51  Marine  
  143  13:56  Marine  
  143  13:58  Marine  
  143  14:01  Marauder  
  143  14:02  Marauder  
  148  14:05  Marauder  
  148  14:07  Siege Tank  
  151  14:13  Terran Infantry Weapons Level 3, SCV, Terran Infantry Armor Level 3  
  153  14:17  SCV  
  153  14:31  Marauder, Marine  
  153  14:32  Widow Mine x2, Medivac x2  
  153  14:33  SCV  
  153  14:36  Marauder  
  143  14:42  Marine x3  
  123  14:48  Siege Tank  
  123  14:49  SCV x2  
  123  14:50  SCV x2  
  123  14:52  Refinery  
  126  15:00  Marauder x2, Marine x3  
  126  15:01  SCV  
  126  15:02  Medivac x2  
  126  15:03  SCV x2  
  136  15:14  Marauder, Marine x2  
  136  15:20  Siege Tank  
  143  15:22  Widow Mine  
  143  15:23  Marauder, Marine x3  
  143  15:25  SCV x2  
  143  15:27  Marine x2  
  154  15:36  Ghost Academy  
  154  15:39  SCV  
  154  15:40  SCV  
  156  15:50  Starport  
  156  15:56  Supply Depot  
  156  15:57  Marine x2  
  156  15:58  Widow Mine x2, Marauder, Supply Depot  
  156  15:59  Supply Depot  
  164  16:14  SCV x2, Marine x2  
  164  16:15  SCV  
  164  16:16  Marine  
  164  16:17  Marine  
  164  16:18  Medivac x2  
  172  16:19  SCV, Siege Tank  
  160  16:26  Widow Mine x2, SCV  
  160  16:32  Ghost x2  
  154  16:33  Ghost  
  154  16:39  Ghost  
  162  16:40  Marine x3  
  162  16:41  Marine  
  162  16:44  Command Center  
  162  16:45  Supply Depot  
  166  16:47  Supply Depot  
  166  16:48  Starport Reactor  
  166  16:56  Fusion Core  
  166  17:04  Widow Mine x2  
  166  17:06  Medivac  
  166  17:07  Ghost x3  
  178  17:14  Ghost  
  180  17:25  Supply Depot x2  
  180  17:26  Siege Tank, Supply Depot  
  185  17:39  Marine  
Show
View Real Time Build Order
Export as new Build Order

JDLOO Zerg - Winner!

Build Orders: Pool First 

Get SALT Encoding   

  12  0:00  Drone  
  13  0:13  Overlord  
  13  0:19  Drone  
  14  0:31  Drone x2  
  16  0:41  Spawning Pool  
  15  0:44  Drone  
  15  0:49  Drone  
  17  1:11  Hatchery  
  17  1:14  Drone  
  17  1:15  Extractor  
  16  1:29  Zergling x2  
  16  1:30  Zergling x4  
  19  1:34  Queen  
  21  1:41  Overlord  
  21  1:51  Drone  
  22  2:02  Drone  
  23  2:12  Queen  
  25  2:16  Drone  
  25  2:17  Metabolic Boost  
  26  2:29  Drone x2  
  26  2:40  Drone x2  
  26  2:41  Drone  
  28  2:53  Hatchery, Drone  
  29  2:58  Drone  
  29  2:59  Drone  
  29  3:01  Drone  
  29  3:04  Drone  
  32  3:08  Overlord  
  32  3:16  Queen  
  34  3:20  Overlord  
  34  3:24  Drone x2  
  36  3:31  Zergling x8  
  36  3:33  Drone  
  41  3:37  Drone  
  41  3:41  Zergling x2  
  43  3:48  Zergling x2  
  44  3:51  Lair  
  44  3:52  Drone  
  45  4:02  Queen  
  47  4:03  Drone  
  47  4:06  Drone x3  
  47  4:07  Drone x2  
  53  4:10  Extractor  
  53  4:11  Extractor  
  53  4:15  Drone x2  
  49  4:25  Zergling x8  
  49  4:26  Drone  
  54  4:32  Drone x3  
  57  4:40  Overlord x2  
  57  4:41  Baneling Nest  
  56  4:52  Queen  
  56  4:59  Zergling x4  
  60  5:00  Zergling x6  
  60  5:01  Drone x3  
  60  5:05  Spire, Extractor  
  63  5:13  Drone  
  63  5:14  Drone x4  
  68  5:20  Zergling x6  
  70  5:31  Zergling x6  
  70  5:34  Spore Crawler  
  72  5:39  Drone  
  72  5:40  Drone  
  72  5:42  Spore Crawler x2  
  72  5:44  Centrifugal Hooks  
  72  5:51  Queen  
  74  6:00  Overlord x2  
  74  6:02  Queen  
  73  6:07  Drone  
  74  6:20  Mutalisk x2  
  74  6:21  Mutalisk x4  
  74  6:22  Drone  
  74  6:23  Drone x3  
  90  6:33  Overlord  
  90  6:34  Overlord x2  
  90  6:36  Baneling x4  
  90  6:37  Baneling x4  
  90  6:38  Baneling  
  90  6:52  Drone x3  
  90  6:53  Drone  
  94  6:54  Extractor  
  94  6:59  Evolution Chamber, Drone  
  94  7:00  Evolution Chamber, Drone x2  
  94  7:09  Hatchery  
  81  7:35  Zergling x8  
  85  7:53  Zergling x2  
  85  7:57  Zergling x2  
  85  7:58  Zergling x24  
  96  8:05  Drone x6  
  99  8:08  Overseer x2  
  99  8:11  Zerg Ground Armor Level 1, Zerg Melee Weapons Level 1  
  102  8:14  Hydralisk Den  
  101  8:26  Drone  
  98  8:33  Zergling x2  
  88  8:34  Zergling x18  
  88  8:38  Baneling x9  
  88  8:39  Baneling x3  
  94  8:42  Mutalisk x3  
  100  8:48  Extractor  
  100  8:49  Drone x3  
  100  8:53  Muscular Augments  
  102  8:59  Overlord x4  
  102  9:10  Drone  
  102  9:13  Overlord x5  
  102  9:14  Overlord  
  98  9:31  Zergling x24  
  90  9:32  Zergling x2  
  90  9:37  Zergling x2  
  102  9:42  Drone  
  102  9:43  Drone x4  
  100  10:05  Zergling x2, Grooved Spines  
  100  10:06  Zergling x2  
  97  10:09  Zergling x12  
  97  10:10  Zergling x14  
  102  10:17  Zergling x2  
  102  10:23  Zergling x6  
  102  10:24  Zergling x10  
  104  10:35  Queen  
  106  10:40  Extractor  
  106  10:41  Infestation Pit  
  106  10:42  Zerg Ground Armor Level 2, Zerg Melee Weapons Level 2  
  104  10:45  Extractor  
  104  10:48  Hydralisk x6  
  115  10:54  Baneling  
  115  10:55  Baneling x10  
  115  10:56  Baneling x2  
  115  10:57  Hatchery, Baneling  
  114  10:58  Baneling x2  
  114  10:59  Baneling  
  114  11:00  Baneling x2  
  114  11:01  Drone  
  114  11:02  Drone  
  114  11:04  Drone  
  117  11:08  Drone x4  
  117  11:11  Spore Crawler  
  111  11:34  Zergling x10  
  111  11:35  Zergling x24  
  111  11:39  Hydralisk  
  127  11:40  Hydralisk x2  
  127  11:44  Pneumatized Carapace  
  133  11:49  Hive  
  133  11:52  Hydralisk x3  
  133  11:54  Zergling x8  
  140  11:55  Baneling  
  140  11:56  Baneling x2  
  140  11:57  Baneling  
  132  12:31  Zergling x16  
  132  12:32  Zergling x6  
  138  12:52  Baneling x2  
  138  12:53  Baneling x7  
  138  13:01  Adrenal Glands  
  138  13:02  Ultralisk Cavern  
  109  13:17  Zergling x6  
  109  13:18  Zergling x44  
  130  13:23  Zerg Melee Weapons Level 3, Zerg Ground Armor Level 3  
  130  13:34  Spore Crawler x2  
  130  13:35  Hatchery  
  127  13:41  Hatchery, Zergling x2  
  127  13:42  Zergling x10  
  127  13:43  Baneling  
  127  13:44  Baneling x16  
  127  13:45  Hydralisk x3, Baneling x2  
  138  13:48  Chitinous Plating  
  137  14:00  Zergling x20  
  131  14:13  Overseer x3  
  131  14:14  Zergling x2  
  131  14:15  Zergling x16  
  140  14:21  Drone  
  140  14:22  Drone x3  
  129  14:43  Zergling x2  
  121  14:51  Ultralisk x3  
  139  14:53  Ultralisk  
  139  14:56  Overlord x2  
  145  15:14  Hatchery, Baneling x10  
  145  15:15  Baneling  
  145  15:19  Drone x7  
  145  15:20  Drone x2  
  153  15:32  Ultralisk  
  159  15:41  Zergling x10  
  159  15:42  Zergling x4  
  165  15:55  Overlord x6  
  165  16:06  Zergling x2  
  166  16:12  Queen  
  144  16:30  Zergling x18  
  144  16:31  Zergling x40  
  172  16:36  Zergling x2  
  172  16:37  Zergling x12  
  179  16:48  Ultralisk  
  179  16:49  Ultralisk  
  191  17:00  Zergling x10  
  191  17:01  Zergling x10  
  200  17:04  Extractor  
  199  17:15  Baneling x10  
  199  17:16  Baneling x13  
  199  17:23  Drone  
  200  17:33  Extractor  
Tags
 
Add a new tag
Caveats
  • Supply blocks, unpowered buildings, or Contaminate may cause inaccurate times.
  • Supply counts are checked every 10 seconds.